 Dungeon Crawl Stone Soup version 0.32-a0-656-g3542139ebd (webtiles) character file.

Game seed: 11392834497361350906

97446 seren the Fighter (level 15, -12/123 HPs)
             Began as a Demonspawn Fighter on Mar 8, 2024.
             Was a High Priest of Beogh.
             Mangled by a tentacle (16 damage)
             ... attached to a kraken
             ... on level 2 of the Shoals.
             The game lasted 01:21:46 (23056 turns).

seren the Fighter (Demonspawn Fighter)             Turns: 23056, Time: 01:21:47

Health: -12/123    AC: 20    Str: 26    XL:     15   Next: 72%
Magic:  24/24      EV: 17    Int: 10    God:    Beogh [*****.]
Gold:   1602       SH: 11    Dex: 15    Spells: 14/14 levels left

rFire   . . .        b - +2 trident (venom)
rCold   . . .        n - +0 kite shield
rNeg    + . .        J - +5 scale mail of Privacy {rN+ rCorr Int+2}
rPois   +            (no helmet)
rElec   .            D - +0 cloak
rCorr   +            R - +2 pair of gloves
SInv    +            Z - +0 pair of boots
Will    +++..        d - amulet "Ofoil" {+Inv Regen+ Str+4 SInv} Stlth
                     K - ring of willpower
HPRegen 1.20/turn    F - ring "Dezodd" {rPois Will+}
MPRegen 0.38/turn

%: no passive effects
@: studying Earth Magic
A: walk on water, repulsion field 1, powered by death 1, magic regeneration,
demonic touch 2
a: Renounce Religion, Evoke Invisibility, Smiting, Recall Apostles, Blood for
Blood, Dismiss Borgoth, priest, Dismiss Agrik, warrior, Dismiss Arbolt, warrior


You were on level 2 of the Shoals.
You worshipped Beogh.
Beogh was extremely pleased with you.
You visited 5 branches of the dungeon, and saw 24 of its levels.

You collected 2851 gold pieces.
You spent 1249 gold pieces at shops.

Inventory:

Hand Weapons
 a - a +2 trident of protection
 b - a +2 trident of venom (weapon)
 k - the +3 bardiche of Wilaemoug {antimagic, rElec rF+ Int+3}
   (You found it on level 5 of the Lair of Beasts)

   Int+3:     It affects your intelligence (+3).
   rF+:       It protects you from fire.
   rElec:     It insulates you from electricity.
Missiles
 g - 3 throwing nets {!f}
 l - 51 poisoned darts (quivered)
 s - 6 curare-tipped darts
 G - 20 boomerangs
Armour
 n - a +0 kite shield (worn)
 D - a +0 cloak (worn)
 J - the +5 scale mail of Privacy (worn) {rN+ rCorr Int+2}
   (You found it on level 7 of the Dungeon)

   Int+2:     It affects your intelligence (+2).
   rN+:       It protects you from negative energy.
   rCorr:     It protects you from acid and corrosion.
 R - a +2 pair of gloves (worn)
 Z - a +0 pair of boots (worn)
Jewellery
 d - the amulet "Ofoil" (around neck) {+Inv Regen+ Str+4 SInv}
   (You acquired it on level 5 of the Dungeon)

   [amulet of regeneration]

   Str+4:     It affects your strength (+4).
   SInv:      It lets you see invisible.
   +Inv:      It lets you turn invisible.
   Regen+:    It increases your rate of health regeneration.
 w - a ring of positive energy
 x - a ring of ice
 C - a +4 ring of slaying
 F - the ring "Dezodd" (right hand) {rPois Will+}
   (You bought it in a shop on level 1 of the Shoals)

   [ring of poison resistance]

   rPois:     It protects you from poison.
   Will+:     It increases your willpower.
 H - a ring of protection from cold
 K - a ring of willpower (left hand)
 V - a ring of see invisible
Wands
 c - a wand of paralysis (7)
 y - a wand of quicksilver (12)
 Q - a wand of flame (2)
 U - a wand of digging (4)
 X - a wand of roots (14)
 Y - a wand of polymorph (14)
Scrolls
 f - a scroll of immolation
 h - 5 scrolls of teleportation {!r}
 m - 2 scrolls of butterflies
 r - a scroll of vulnerability
 t - a scroll of brand weapon
 u - 2 scrolls of fear
 v - 5 scrolls of revelation
 z - 3 scrolls of identify
 E - 3 scrolls of fog
 I - 3 scrolls of silence
 L - 2 scrolls of enchant armour
 T - 3 scrolls of poison
 W - 2 scrolls of amnesia
Potions
 e - 4 potions of enlightenment
 i - 7 potions of heal wounds
 j - 3 potions of curing
 o - 3 potions of mutation {!q}
 p - 2 potions of brilliance
 q - 5 potions of lignification
 B - 2 potions of might
 N - 4 potions of resistance
 P - a potion of magic
 S - a potion of cancellation
Miscellaneous
 A - a lightning rod (4/4)


   Skills:
 + Level 13.1 Fighting
 * Level 12.0 Polearms
 + Level 12.0 Armour
 + Level 10.9 Dodging
 + Level 8.2 Shields
 + Level 12.8 Invocations
 + Level 7.2 Evocations


You had 14 spell levels left.
You didn't know any spells.
Your spell library contained the following spells:

 Spells                   Type           Power      Damage    Failure   Level
 Apportation              Tloc           0%         N/A       78%         1
 Necrotise                Necr           0%         1d4       78%         1
 Sting                    Conj/Alch      0%         1d3       78%         1
 Summon Small Mammal      Summ           0%         N/A       78%         1
 Blink                    Tloc           0%         N/A       89%         2
 Cigotuvi's Dreadful Rot  Necr/Alch/Air  0%         N/A       89%         2
 Ensorcelled Hibernation  Hex/Ice        0%         N/A       89%         2
 Lesser Beckoning         Tloc           0%         N/A       89%         2
 Momentum Strike          Conj/Tloc      0%         3d8       89%         2
 Fugue of the Fallen      Necr           0%         N/A       98%         3
 Hailstorm                Conj/Ice       0%         3d5       98%         3
 Inner Flame              Hex/Fire       0%         N/A       98%         3
 Ozocubu's Armour         Ice            0%         N/A       98%         3
 Passwall                 Erth           0%         N/A       98%         3
 Stone Arrow              Conj/Erth      0%         3d7       98%         3
 Summon Ice Beast         Ice/Summ       0%         N/A       98%         3
 Swiftness                Air            0%         N/A       98%         3
 Tukima's Dance           Hex            0%         N/A       98%         3
 Volatile Blastmotes      Fire/Tloc      0%         2d10      98%         3
 Anguish                  Hex/Necr       0%         N/A       100%        4
 Animate Armour           Summ/Erth      0%         N/A       100%        4
 Cause Fear               Hex            0%         N/A       100%        4
 Dimensional Bullseye     Hex/Tloc       0%         N/A       100%        4
 Dispel Undead            Necr           0%         3d6       100%        4
 Fulminant Prism          Conj/Alch      0%         3d5       100%        4
 Iskenderun's Mystic Bla  Conj/Tloc      0%         2d3       100%        4
 Manifold Assault         Tloc           0%         N/A       100%        4
 Martyr's Knell           Necr/Summ      0%         N/A       100%        4
 Vhi's Electric Charge    Tloc/Air       0%         N/A       100%        4
 Arcjolt                  Conj/Air       0%         1d10      100%        5
 Fireball                 Conj/Fire      0%         3d3       100%        5
 Irradiate                Conj/Alch      0%         3d11      100%        5
 Death Channel            Necr           0%         N/A       100%        6
 Plasma Beam              Fire/Air       0%         2x1d10    100%        6
 Sculpt Simulacrum        Ice/Alch       0%         N/A       100%        6
 Ignition                 Fire           0%         3d3       100%        8
 Lehudib's Crystal Spear  Conj/Erth      0%         10d2      100%        8
 Dragon's Call            Summ           0%         N/A       100%        9


Dungeon Overview and Level Annotations

Branches:
Dungeon (14/15)            Temple (1/1) D:7            Lair (5/5) D:8
 Shoals (2/4) Lair:2       Spider (0/4) Lair:2        Slime (0/5) Lair:5
    Orc (2/2) D:10            Elf (0/3) Orc:2        Vaults (0/5) D:14

Altars:
Ashenzari
Cheibriados
Dithmenos
Fedhas
Gozag
Hepliaklqana
Kikubaaqudgha
Makhleb
Nemelex Xobeh
Okawaru
Qazlal
Ru
Sif Muna
Trog
Uskayaw
Vehumet
Wu Jian
Xom
Yredelemnul

Shops:
D:4 *[:   D:5 ?   D:12 !   Orc:2 :=(=   Shoals:1 ==[   Shoals:2 =

Annotations:
D:9 use apportation to get ring
Lair:4 1 runed translucent door, Nelug's ghost, journeyman OpSh
Shoals:2 Frances


Innate Abilities, Weirdness & Mutations

You can walk on water.
Your facial features are unmistakably orcish.
You are surrounded by a mild repulsion field. (EV +2)
You regenerate a little health from kills.
You regenerate magic rapidly.
Your touch may inflict irresistible damage on your foes.


Message History

The kraken is no longer moving slowly.
The tentacle slaps you. The tentacle misses you.
You block the tentacle's attack. The kraken closely misses you.
You puncture the kraken!
The kraken looks as sick as possible!
The kraken is severely wounded.
The tentacle slaps you!
* * * LOW HITPOINT WARNING * * *
The tentacle slaps you but does no damage.
The tentacle slaps you.
* * * LOW HITPOINT WARNING * * *
The kraken bites you!
* * * LOW HITPOINT WARNING * * *
The tentacle slaps you!
* * * LOW HITPOINT WARNING * * *
The tentacle slaps you but does no damage.
You puncture the kraken!
The kraken looks as sick as possible!
The kraken is severely wounded.
The tentacle completely misses you. You block the tentacle's attack. x2
You block the kraken's attack. The tentacle slaps you!
* * * LOW HITPOINT WARNING * * *
Aiming: Quicksilver Bolt
Press: ? - help, Shift-Dir - straight line, f/p - kraken
Aim: a kraken (water, severely wounded, extremely poisoned, target of orcish vengeance, 100% to hit)
The bolt of dispelling energy hits the kraken but does no damage.
The kraken is severely wounded.
The tentacle closely misses you. You block the tentacle's attack. x2
You block the kraken's attack. The tentacle barely misses you. x2
Aiming: Quicksilver Bolt
Press: ? - help, Shift-Dir - straight line, f/p - kraken
Aim: a kraken (water, severely wounded, extremely poisoned, target of orcish vengeance, 100% to hit)
The bolt of dispelling energy hits the kraken!
The kraken is severely wounded.
The tentacle barely misses you. The kraken bites you!
* * * LOW HITPOINT WARNING * * *
The tentacle slaps you but does no damage.
The tentacle slaps you!!
* * * LOW HITPOINT WARNING * * *
You block the tentacle's attack.
A tentacle rises from the water!
The tentacle slaps you!
You die...

≈~~.##~~≈~
#≈≈≈≈≈≈≈≈≈≈≈≈≈≈~~.#.~≈≈~
#≈≈≈≈≈≈≈≈≈≈≈≈≈≈~~~~~~≈≈~
#≈≈≈≈≈≈≈≈≈≈≈≈≈≈~~~~~~≈≈~
#≈≈≈≈≈≈≈≈≈≈≈≈≈≈≈~~~~≈≈≈≈
#≈≈≈≈≈≈≈≈≈≈≈≈≈≈≈≈≈≈≈≈≈≈≈
#≈≈≈≈≈≈Λ≈≈≈≈≈≈≈≈≈≈≈≈≈≈≈≈
#≈≈≈≈wXww≈≈≈≈≈≈≈≈≈≈≈≈≈≈≈
#≈≈≈≈<≈@≈≈≈≈≈≈≈≈≈≈≈≈≈≈~~
#≈≈≈≈≈w≈≈≈≈≈≈≈≈≈≈≈≈~~~~~
#≈≈≈≈≈≈≈≈≈≈≈≈≈≈≈≈≈≈~~.##
#≈≈≈≈≈≈≈≈≈≈≈≈≈≈≈≈≈≈~~.##
#≈≈≈≈≈≈≈≈≈≈≈≈≈≈P~~≈P~..#
#≈≈≈≈≈≈≈≈≈≈≈≈≈~P~~~~~~..
#≈≈≈≈≈≈≈≈≈≈≈≈~~~~~~~~~~.
#≈≈≈≈≈≈≈≈≈≈≈≈≈P~P~≈≈~~~~
#≈≈≈≈≈≈≈≈≈≈≈≈≈≈~P~~~~~~.


You could see a kraken (extremely poisoned, target of vengeance) and 4
tentacles.

Vanquished Creatures
  An ironbound preserver (D:14)
  A merfolk javelineer (Shoals:2)
  3 centaur warriors
  A merfolk avatar (Shoals:1)
  Erica (D:10)
  3 hydras
  Erolcha (Orc:1)
  2 boulder beetles
  2 two-headed ogres
  An orc high priest (Orc:2)
  3 skysharks
  3 sea snakes
  A lindwurm (Lair:5)
  A phantasmal warrior (D:14)
  6 harpies
  2 deep elf pyromancers
  A cyclops (Shoals:1)
  3 orc sorcerers
  3 manticores
  A kobold blastminer (Orc:2)
  3 elephants (Lair:5)
  A meliai (D:14)
  A merfolk siren (Lair:2)
  2 water nymphs (Shoals:2)
  A torpor snail (Lair:3)
  A cane toad (shapeshifter) (D:14)
  A komodo dragon (Lair:3)
  16 cane toads
  A freezing wraith (D:14)
  7 merfolk
  7 trolls
  A tyrant leech (Lair:5)
  2 wind drakes (Shoals:1)
  8 blink frogs
  4 dream sheep
  2 snapping turtles (Shoals:2)
  Prince Ribbit (D:6)
  3 slime creatures
  A wraith (D:13)
  2 wyverns
  16 yaks
  A vampire (D:12)
  7 water elementals
  A basilisk (Lair:5)
  A fire elemental (D:14)
  A redback (Lair:2)
  Edmund (D:6)
  8 vampire mosquitoes
  4 acid dragons
  8 water moccasins
  3 orc warriors (D:10)
  4 ogres
  3 wolves (Lair:4)
  4 centaurs
  A phantom (D:4)
  3 kobold brigands
  A weeping skull (D:4)
  11 bullfrogs
  2 gnoll sergeants
  4 scorpions
  7 wights
  2 killer bees (D:8)
  4 howler monkeys
  Crazy Yiuf (D:5)
  2 bombardier beetles
  5 hounds
  3 jellies
  6 orc priests
  A sleepcap (D:6)
  7 orc wizards
  16 gnolls
  7 adders
  4 ufetubi (D:6)
  3 dart slugs
  A ribbon worm (D:5)
  26 orcs
  5 ball pythons
  5 endoplasms
  5 giant cockroaches
  15 goblins
  7 hobgoblins
  6 jackals (D:1)
  A quokka (D:3)
  5 bats
  5 frilled lizards
  25 kobolds
  5 rats
  A spectral orc (D:4)
369 creatures vanquished.

Vanquished Creatures (collateral kills)
  Snorg (Lair:5)
  2 merfolk impalers
  A fire dragon (D:14)
  Fannar (D:10)
  A merfolk avatar (Shoals:2)
  4 centaur warriors
  A merfolk aquamancer (Shoals:2)
  2 two-headed ogres
  An alligator snapping turtle (Shoals:1)
  A catoblepas (Lair:3)
  A death knight (D:14)
  A satyr (Shoals:2)
  An occultist (D:14)
  2 orc high priests (Orc:2)
  2 skysharks (Lair:5)
  3 sea snakes
  An arcanist (D:14)
  A phantasmal warrior (D:14)
  5 orc knights (Orc:2)
  12 harpies
  14 fauns
  3 cyclopes
  2 manticores
  An elephant (Lair:5)
  3 black mambas
  3 water nymphs
  A gargoyle (D:11)
  2 merfolk sirens (Shoals:2)
  6 cane toads
  A torpor snail (Lair:3)
  Maggie (D:6)
  A kobold demonologist (D:13)
  A rime drake (Lair:2)
  4 komodo dragons
  8 merfolk
  4 polar bears
  A hellwing (Shoals:2)
  3 snapping turtles
  10 blink frogs
  3 slime creatures (D:12)
  2 dream sheep
  3 water elementals
  3 wraiths
  A shadow (D:11)
  A fire elemental (D:14)
  12 yaks
  2 vampires
  2 basilisks
  A wyvern (D:11)
  2 steam dragons
  A warg (Orc:2)
  7 vampire mosquitoes
  2 redbacks (Lair:2)
  2 acid dragons
  5 water moccasins
  8 orc warriors
  5 centaurs
  2 wolves (Lair:4)
  2 kobold brigands
  13 bullfrogs
  3 gnoll sergeants
  3 wights (D:9)
  A killer bee (D:8)
  6 howler monkeys
  3 electric eels
  A crimson imp (Lair:5)
  4 orc priests (Orc:2)
  2 jellies (Lair:5)
  An orc wizard (D:10)
  9 gnolls
  A white imp (D:8)
  An ufetubus (Lair:5)
  7 orcs
  2 endoplasms (Lair:5)
  5 kobolds (D:8)
241 creatures vanquished.

Vanquished Creatures (others)
  An orc warlord (Orc:2)
  5 orc high priests
  A skyshark (Lair:5)
  4 orc knights
  13 orc apostles
  11 orc warriors
  An ogre (Orc:1)
  16 orc priests
  3 orc wizards
  18 orcs
  8 foxfires (Shoals:2)
  A tentacle (Shoals:2)
82 creatures vanquished.

Grand Total: 692 creatures vanquished

Notes
Turn   | Place    | Note
-------+----------+-------------------------------------------
     0 | D:1      | seren the Demonspawn Fighter began the quest for the Orb.
     0 | D:1      | Reached XP level 1. HP: 18/18 MP: 1/1
    68 | D:1      | Gained mutation: You are surrounded by a mild repulsion
                  | field. (EV +2) [demonic ancestry]
    68 | D:1      | Reached XP level 2. HP: 24/24 MP: 2/2
   419 | D:1      | Reached XP level 3. HP: 29/29 MP: 3/3
   978 | D:2      | Found a faded altar of an unknown god.
  1132 | D:2      | Reached XP level 4. HP: 21/35 MP: 4/4
  1841 | D:3      | Became a worshipper of Beogh the Shepherd
  1851 | D:3      | Found a shadowy altar of Dithmenos.
  2141 | D:3      | Reached XP level 5. HP: 42/42 MP: 5/5
  2539 | D:4      | Found Viemoiz's General Store.
  2549 | D:4      | Bought a scroll of fear for 52 gold pieces
  2549 | D:4      | Bought a scroll of teleportation for 39 gold pieces
  2549 | D:4      | Bought a scroll of revelation for 97 gold pieces
  2623 | D:4      | Reached skill level 4 in Fighting
  2824 | D:4      | Reached * piety under Beogh
  2991 | D:3      | Reached XP level 6. HP: 7/48 MP: 6/6
  3319 | D:4      | Found Dajiun's Book Shoppe.
  3361 | D:4      | Found Xapotay's Armour Emporium.
  3502 | D:4      | Noticed a steam dragon
  3555 | D:5      | Entered Level 5 of the Dungeon
  3706 | D:5      | Gained mutation: Your touch may inflict minor irresistible
                  | damage on your foes. [demonic ancestry]
  3706 | D:5      | Reached XP level 7. HP: 54/55 MP: 7/7
  3973 | D:5      | Found Saerham's Magic Scroll Shoppe.
  3980 | D:5      | Bought a scroll of identify for 24 gold pieces
  3985 | D:5      | Bought 2 scrolls of identify for 48 gold pieces
  3985 | D:5      | Bought a scroll of identify for 24 gold pieces
  3985 | D:5      | Identified a scroll of acquirement
  3988 | D:5      | Acquired the amulet "Ofoil" {+Inv Regen+ Str+4 SInv}
  4050 | D:5      | Reached skill level 5 in Fighting
  4143 | D:5      | Found an ancient bone altar of Kikubaaqudgha.
  4448 | D:5      | Found a runed translucent door.
  4449 | D:5      | Noticed Crazy Yiuf
  4467 | D:5      | Killed Crazy Yiuf
  4757 | D:6      | Reached skill level 5 in Armour
  4757 | D:6      | Reached skill level 5 in Shields
  4757 | D:6      | Reached XP level 8. HP: 59/63 MP: 8/8
  4757 | D:6      | Reached ** piety under Beogh
  4789 | D:6      | Noticed Prince Ribbit
  5021 | D:6      | Noticed Maggie
  5021 | D:6      | Noticed Edmund
  5305 | D:6      | Reached skill level 1 in Dodging
  5441 | D:6      | Killed Prince Ribbit
  5442 | D:6      | Reached skill level 6 in Fighting
  5442 | D:6      | Reached skill level 5 in Polearms
  5894 | D:7      | Gained mutation: Your touch may inflict irresistible damage
                  | on your foes. [demonic ancestry]
  5894 | D:7      | Reached XP level 9. HP: 71/71 MP: 9/9
  5924 | D:7      | Identified the +5 scale mail of Privacy {rN+ rCorr Int+2}
  6182 | D:7      | Reached *** piety under Beogh
  6207 | D:7      | Found a staircase to the Ecumenical Temple.
  6228 | D:7      | Noticed Borgoth
  6258 | D:7      | Anointed Borgoth the priest as your apostle
  6329 | Temple   | Entered the Ecumenical Temple
  6645 | D:8      | Found a staircase to the Lair.
  6782 | D:8      | Reached skill level 1 in Evocations
  6827 | D:8      | Identified the +1 great sword of Green Innocence {freeze,
                  | rPois Dex+3 Stlth-}
  6827 | D:8      | Noticed Agrik
  6841 | D:8      | Anointed Agrik the warrior as your apostle
  7347 | D:9      | Reached skill level 7 in Fighting
  7382 | D:9      | Identified the +8 long sword "Debiymib" {freeze, rN+}
  7547 | D:9      | Reached XP level 10. HP: 77/79 MP: 10/10
  7565 | D:9      | Found a burning altar of Makhleb.
  7567 | D:9      | Found a hazy altar of Hepliaklqana.
  7568 | D:9      | Found an iron altar of Okawaru.
  7602 | D:9      | Found a hide-covered altar of Uskayaw.
  7812 | D:9      | Noticed a two-headed ogre
  7818 | D:9      | Killed a two-headed ogre
  7975 | D:10     | Entered Level 10 of the Dungeon
  7994 | D:10     | Reached **** piety under Beogh
  8301 | D:10     | Found a staircase to the Orcish Mines.
  8323 | D:10     | Noticed a manticore
  8325 | D:10     | Reached skill level 5 in Evocations
  8336 | D:10     | Your ally Borgoth died
  8341 | D:10     | Killed a manticore
  8415 | D:10     | Found an opulent altar of Gozag.
  8432 | D:10     | Noticed Fannar
  8546 | D:10     | Killed Fannar
  8547 | D:10     | Reached skill level 8 in Fighting
  8547 | D:10     | Reached skill level 5 in Dodging
  8725 | D:10     | Found a blossoming altar of Fedhas.
  8854 | D:10     | Noticed Erica
  8868 | D:10     | Killed Erica
  9324 | D:11     | Noticed a two-headed ogre
  9334 | D:11     | Killed a two-headed ogre
  9335 | D:11     | Gained mutation: You regenerate magic rapidly. [demonic
                  | ancestry]
  9335 | D:11     | Reached XP level 11. HP: 75/86 MP: 11/11
  9451 | D:11     | Noticed a two-headed ogre
  9458 | D:11     | Killed a two-headed ogre
  9617 | D:11     | Reached skill level 1 in Invocations
  9628 | D:11     | Reached ***** piety under Beogh
 10137 | Lair:1   | Entered Level 1 of the Lair of Beasts
 10414 | Lair:1   | You fall into a shaft and drop 1 floor!
 10461 | Lair:2   | Reached skill level 9 in Fighting
 10479 | Lair:2   | Identified the +3 long sword of the Endless Expanse {holy,
                  | rPois rF+ Int+4}
 10479 | Lair:2   | Noticed Arbolt
 10489 | Lair:2   | Anointed Arbolt the warrior as your apostle
 10834 | Lair:1   | Gained mutation: You regenerate a little health from kills.
                  | [demonic ancestry]
 10834 | Lair:1   | Reached XP level 12. HP: 95/95 MP: 15/15
 11193 | Lair:2   | Found a hole to the Spider Nest.
 11210 | Lair:2   | Your ally Arbolt died
 11688 | Lair:2   | Found a staircase to the Shoals.
 11811 | Lair:3   | Reached skill level 5 in Invocations
 11853 | Lair:3   | Found an iron altar of Okawaru.
 12137 | Lair:3   | Noticed a catoblepas
 12144 | Lair:3   | Killed a catoblepas
 12525 | Lair:3   | Identified the +5 flail "Jaigutoe" {flame, rPois rN+ Will+
                  | Str+3}
 13078 | Lair:4   | Reached skill level 10 in Fighting
 13288 | Lair:4   | Found a runed translucent door.
 13291 | Lair:4   | Noticed Nelug's ghost (journeyman OpSh)
 13803 | Lair:5   | Entered Level 5 of the Lair of Beasts
 13806 | Lair:5   | Found a staircase to the Slime Pits.
 13903 | Lair:5   | Your ally Arbolt died
 13920 | Lair:5   | Your ally Agrik died
 13930 | Lair:5   | Reached XP level 13. HP: 94/103 MP: 10/18
 13985 | Lair:5   | Noticed Snorg
 13995 | Lair:5   | Killed Snorg
 14020 | Lair:5   | Identified the +4 dagger of Bienec {freeze, ^Fragile rCorr
                  | Str+4}
 14252 | Lair:5   | Your ally Borgoth died
 14428 | Lair:5   | Reached skill level 10 in Armour
 14493 | Lair:5   | Reached skill level 11 in Fighting
 14677 | Lair:5   | Identified the +3 bardiche of Wilaemoug {antimagic, rElec
                  | rF+ Int+3}
 15119 | Orc:1    | Entered Level 1 of the Orcish Mines
 15165 | Orc:1    | Paralysed by an orc sorcerer for 5 turns
 15234 | Orc:2    | Entered Level 2 of the Orcish Mines
 15234 | Orc:2    | Noticed Erolcha
 15506 | D:4      | Found a shimmering altar of Xom.
 15552 | D:4      | Found a basalt altar of Yredelemnul.
 16033 | D:6      | Killed Edmund
 16086 | D:6      | Killed Maggie
 16087 | D:6      | Reached skill level 10 in Polearms
 16511 | D:12     | Found Cimewn's Distillery.
 17344 | D:13     | Reached XP level 14. HP: 113/113 MP: 21/21
 18207 | D:14     | Reached skill level 10 in Invocations
 18226 | D:14     | Found a gate to the Vaults.
 18226 | D:14     | Noticed an ironbound preserver
 18244 | D:14     | Killed an ironbound preserver
 18487 | D:14     | Reached ****** piety under Beogh
 18822 | D:14     | Your ally Arbolt died
 19111 | Shoals:1 | Entered Level 1 of the Shoals
 19220 | Shoals:1 | Reached skill level 12 in Fighting
 19245 | Shoals:1 | Found Wotsuri's Antique Armour Emporium.
 19267 | Shoals:1 | Bought a dazzling scale mail for 189 gold pieces
 19267 | Shoals:1 | Identified the +2 scale mail "Hyvunad" {^Drain rC+ Int+4
                  | Dex+4} (You bought it in a shop on level 1 of the Shoals)
 19449 | Shoals:1 | Found Kataqu's One-of-a-Kind Rings.
 19456 | Shoals:1 | Bought the ring "Dezodd" {rPois Will+} for 619 gold pieces
 19535 | Shoals:1 | Reached skill level 10 in Dodging
 19954 | Shoals:1 | Found Lunyd's Jewellery Shoppe.
 20330 | Shoals:2 | Identified the +9 dagger "Tago" {flame, Int+5}
 20413 | Shoals:2 | Your ally Agrik died
 20416 | Shoals:2 | Reached XP level 15. HP: 111/122 MP: 23/23
 20447 | Shoals:2 | Your ally Borgoth died
 20592 | Shoals:2 | Your ally Arbolt died
 21266 | Shoals:2 | Found Gaudin's Jewellery Shoppe.
 21385 | Shoals:2 | Noticed Frances
 21531 | Orc:1    | Killed Erolcha
 21532 | Orc:1    | Reached skill level 13 in Fighting
 21935 | Orc:2    | Found a staircase to the Elven Halls.
 22553 | Orc:2    | Your ally Arbolt died
 22630 | Orc:2    | Found Palig's Book Shop.
 22630 | Orc:2    | Found Cacoiph's Jewellery Shop.
 22631 | Orc:2    | Found Arghalo's Jewellery Boutique.
 22631 | Orc:2    | Found Cesai's Antique Weapon Shop.
 22918 | Shoals:1 | Bought a shiny chain mail for 157 gold pieces
 23035 | Shoals:2 | Noticed a kraken
 23044 | Shoals:2 | Your ally Arbolt died
 23047 | Shoals:2 | Your ally Agrik died
 23049 | Shoals:2 | Your ally Borgoth died
 23056 | Shoals:2 | HP: 4/123 [tentacle[a kraken] (19)]
 23056 | Shoals:2 | Mangled by a tentacle

Illustrated notes

Levels and vault maps discovered:
D:1:      sevenhm_arrival_forest_fort_small_5, layout_loops_ring
D:2:      layout_basic, hellmonk_ecumenical_altar_inner_sanctum,
          dk_noncrumbling_4, guppyfry_early_orc_mine
D:3:      layout_basic, mainiacjoe_overflow_chevrons
D:4:      layout_loops_corners, mainiacjoe_overflow_alcove_1,
          yredelemnul_forgotten_temple_becter, serial_shops,
          nicolae_shop_advertising_works [nicolae_subvault_shop_adworks], shop,
          shop, hangedman_decor_peaks_small
D:5:      layout_loops_corners, mainiacjoe_overflow_tiny_flanked, serial_shops,
          shop, uniq_crazy_yiuf_cottage
D:6:      layout_basic, minmay_misc_feat_ornament, corexii_shack, uniq_edmund,
          uniq_prince_ribbit1, uniq_maggie
D:7:      layout_cave_pods, minmay_temple_entry_junction
D:8:      layout_cave_pods, dpeg_oklobed_lair
D:9:      minmay_weird_star, layout_gridville,
          nicolae_overflow_quartered_altars, minivault_27
D:10:     nicolae_cairo_tiling_large_dashed, layout_basic,
          grunt_gozag_breadcrumbs, kennysheep_mini, david_orc_3,
          grunt_ministairs_5, dk_rats_in_the_wall, uniq_erica, uniq_fannar
D:11:     layout_gridville
D:12:     layout_gridville, serial_shops, nicolae_shop_peninsula
D:13:     layout_roguey
D:14:     layout_rooms, skrybe_vaults_entry_preservation,
          cheibrodos_lost_city_excavation
Temple:   minmay_temple_bridge_abc
Lair:1:   layout_small_grid, lemuel_fruit_tree, infiniplex_staircase_pool_2
Lair:2:   layout_roguey, elwin_shoals_entry_rooms, spider_nest_entry_webs
Lair:3:   layout_layer_cave, basic_altar, beast_lair_carwin_2
Lair:4:   layout_cave_pods, hellmonk_ghost_happy_afterlife,
          infiniplex_staircase_pool
Lair:5:   minmay_lair_end_frog_pond, layout_regular_city, slime_entry_2,
          uniq_snorg
Shoals:1: layout_shoals, serial_shops, shop, shop, nicolae_shop_unique_rings
Shoals:2: cheibrodos_shoals_baths, layout_shoals, serial_shops, shop,
          uniq_frances
Orc:1:    layout_caves
Orc:2:    st_orc_pillars, layout_caves, blackcustard_rock_pile, uniq_erolcha

Skill      XL: |  1  2  3  4  5  6  7  8  9 10 11 12 13 14 15 |
---------------+----------------------------------------------+-----
Polearms       | 2 3 4 5 6 7 8 9 10 11 12 | 12.0
Shields        | 3 4 5 6 7 8 |  8.2
Armour         | 3 4 5 6 7 8 9 10 11 12 | 12.0
Fighting       | 4 5 6 7 8 9 10 11 12 13 | 13.1
Dodging        | 2 3 5 6 7 9 10 | 10.9
Evocations     | 3 5 6 7 |  7.2
Invocations    | 4 7 9 11 12 | 12.8

Action                     |  1- 3 |  4- 6 |  7- 9 | 10-12 | 13-15 || total
---------------------------+-------+-------+-------+-------+-------++-------
  Melee: Trident           |   127 |   220 |   317 |   421 |  1001 ||  2086
         Mace              |       |       |     8 |       |       ||     8
         Touch             |       |       |    20 |    65 |   111 ||   196
  Throw: Dart              |       |       |    10 |     5 |    10 ||    25
 Invoke: Convert to Beogh  |       |     1 |       |       |       ||     1
         Recruit Apostle   |       |       |     2 |     1 |       ||     3
         Recall Apostles   |       |       |       |     9 |    11 ||    20
         Blood for Blood   |       |       |       |     1 |     3 ||     4
         Smiting           |       |       |       |       |     2 ||     2
  Evoke: Wand              |       |       |     2 |     9 |     3 ||    14
    Use: Potion            |       |     1 |     3 |     4 |     4 ||    12
         Scroll            |       |     1 |    11 |     5 |    14 ||    31
   Stab: Paralysed         |       |       |     4 |       |       ||     4
         Distracted        |       |       |     1 |     6 |    13 ||    20
 Armour: Scale mail        |    33 |       |    91 |   263 |   625 ||  1012
         Chain mail        |    56 |   139 |   158 |       |       ||   353
  Dodge: Dodged            |    49 |    73 |   186 |   229 |   604 ||  1141
  Block: Buckler           |    24 |    38 |    50 |       |       ||   112
         Kite shield       |       |       |       |       |    89 ||    89

Table legend: (Time is in decaauts)
 A = Elapsed time spent in this place.
 B = Non-inter-level travel time spent in this place.
 C = Inter-level travel time spent in this place.
 D = Time resting spent in this place.
 E = Time spent auto-exploring this place.
 F = Levels seen in this place.
 G = Mean time per level.
                   A        B        C        D        E       F      G
               +--------+--------+--------+--------+--------+-----+--------+
         Total |  22892 |  21097 |   1795 |   1167 |  13216 |  24 |  953.8 |
       Dungeon |  14193 |  12836 |   1357 |    851 |   8607 |  14 | 1013.8 |
        Temple |      1 |      1 |      0 |      0 |      0 |   1 |    1.0 |
          Lair |   5017 |   4695 |    322 |     68 |   3182 |   5 | 1003.4 |
        Shoals |   2287 |   2228 |     59 |    183 |    779 |   2 | 1143.5 |
  Orcish Mines |   1393 |   1337 |     56 |     65 |    648 |   2 |  696.5 |
               +--------+--------+--------+--------+--------+-----+--------+

Top non-repeatable levels by time:
    D:10: 1519 daAuts
     D:4: 1292 daAuts
     D:5: 1284 daAuts
     D:6: 1223 daAuts
  Lair:3: 1199 daAuts
Shoals:1: 1146 daAuts
Shoals:2: 1140 daAuts
  Lair:5: 1111 daAuts
     D:2: 1030 daAuts
     D:3: 1009 daAuts
    D:11: 939 daAuts
  Lair:2: 929 daAuts
     D:8: 913 daAuts
  Lair:4: 910 daAuts
    D:12: 894 daAuts
